 Dungeon Crawl Stone Soup version 0.29-a0-275-g389c0b56f3 (webtiles) character file.

Game seed: 5813252115144359140

1094 spaghetti the Magician (level 8, -1/52 HPs)
             Began as a Demonspawn Hedge Wizard on Mar 11, 2022.
             Slain by a sky beast (6 damage)
             ... on level 6 of the Dungeon.
             The game lasted 00:12:13 (5937 turns).

spaghetti the Magician (Demonspawn Hedge Wizard)    Turns: 5937, Time: 00:12:13

Health: -1/52      AC: 10    Str: 12    XL:     8   Next: 10%
Magic:  4/16       EV: 12    Int: 17    God:
Gold:   191        SH:  4    Dex: 12    Spells: 13/18 levels left

rFire   + . .      SeeInvis .   e - staff of fire {!astaff}
rCold   . . .      Faith    .   (no shield)
rNeg    . . .      Spirit   .   b - +0 robe
rPois   .          Reflect  .   c - +1 hat
rElec   .          Harm     .   (no cloak)
rCorr   .          Rampage  .   (no gloves)
Will    .....                   m - +0 pair of boots
Stlth   ++........              (no amulet)
HPRegen 0.17/turn               (no ring)
MPRegen 0.15/turn               (no ring)

@: hasted, very quick
A: slimy green scales 1, icemail 1, powered by death 1, condensation shield,
demonic touch 1
a: no special abilities


You were on level 6 of the Dungeon.
You visited 1 branch of the dungeon, and saw 6 of its levels.

You collected 191 gold pieces.


Innate Abilities, Weirdness & Mutations

You are partially covered in slimy green scales. (AC +2)
A meltable icy envelope protects you from harm. (AC +4)
You regenerate a little health from kills.
A meltable shield of frost defends you. (SH +4)
Your touch may inflict minor irresistible damage on your foes.


   Skills:
 - Level 1.7 Dodging
 - Level 1.7 Stealth
 + Level 5.5 Spellcasting
 - Level 5.3 Conjurations
 - Level 1.0 Summonings
 - Level 0.8 Translocations
 + Level 5.2 Fire Magic


You had 13 spell levels left.
You knew the following spells:

 Your Spells              Type           Power      Damage    Failure   Level
a - Magic Dart            Conj           88%        1d7       1%          1
b - Sticky Flame          Conj/Fire      34%        2d5       16%         4

Your spell library contained the following spells:

 Spells                   Type           Power      Damage    Failure   Level
 Conjure Flame            Conj/Fire      34%        6-21      4%          3
 Slow                     Hex            16%        N/A       14%         1
 Blink                    Tloc           14%        N/A       14%         2
 Call Imp                 Summ           8%         N/A       14%         2
 Ensorcelled Hibernation  Hex/Ice        8%         N/A       21%         2
 Passwall                 Tmut/Erth      3%         N/A       21%         2
 Ignite Poison            Fire/Tmut/Pois 16%        N/A       21%         3
 Mephitic Cloud           Conj/Pois/Air  10%        N/A       21%         3
 Swiftness                Air            4%         N/A       38%         3

Inventory:

Hand Weapons
 a - a +0 dagger {short}
 r - a +1 dagger of speed {short}
   (You took it off an orc on level 3 of the Dungeon)
 v - a +5 short sword of protection {short}
   (You took it off an orc on level 5 of the Dungeon)
Missiles
 f - 212 stones {throwing}
 n - 13 poisoned darts {throwing}
 t - 4 boomerangs {throwing}
Armour
 b - a +0 robe (worn)
 c - a +1 hat (worn)
 m - a +0 pair of boots (worn)
   (You found it on level 1 of the Dungeon)
Magical Staves
 e - a staff of fire (weapon) {!astaff}
   (You found it on level 4 of the Dungeon)
Jewellery
 i - a ring of positive energy
   (You found it on level 1 of the Dungeon)
Wands
 s - a wand of flame (30)
   (You found it on level 3 of the Dungeon)
Scrolls
 g - a scroll of fear
 h - 2 scrolls of enchant weapon
 j - a scroll of vulnerability {!r!r}
 o - a scroll of noise {!r}
Potions
 d - a potion of magic
 l - a potion of might
 p - a potion of attraction {!q}
 z - a potion of ambrosia {unknown}

Dungeon Overview and Level Annotations

Branches:
Dungeon (6/15)             Temple (0/1) D:5

Altars:

Shops:
D:5

= #.#.....#.#(#
#.#.#####.#.# .
#.#.#####.#g# ..###
#........Y..#
...####...##g######
...##...##.#
#ยง##...##Y#
#.Ygg..##.#
#@###..##.#
#.....###..##.#####
###.####...Y.g....#
#. #..###.###.# #
#..# #.# .$... ..#
###..# #.# #..# #.#
#.. #.#


You could see a sky beast and 2 gnolls.


Message History

The scorpion burns!
You block the scorpion's attack.
The gnoll sergeant hits you but does no damage. ๐Ÿ˜ฎ MP[-3]
You lost 3 mp, and now have 7/14 mp.
The scorpion attacks as you move away! The scorpion stings you.
* * * LOW HITPOINT WARNING * * *
You are poisoned.
The scorpion poisons you!
You feel very sick.
The scorpion burns!
The scorpion closely misses you. ๐Ÿ˜จ HP[-6]
You take 6 damage, and now have 19/46 hp.
It was a potion of curing.
You feel better.
The scorpion burns!
You kill the scorpion!
The gnoll sergeant completely misses you.
You have reached level 8!
You feel stronger. ๐Ÿ˜ฎ HP[+13]
You now have 52 max hp (+6).
You regained 13 hp, and now have 32/52 hp. ๐Ÿ˜ฎ HP[+1]
The gnoll sergeant hits you with a +0 spear. ๐Ÿ˜ฎ HP[-1]
You take 1 damage, and now have 32/52 hp.
Casting: Sticky Flame (quite dangerous; 16% risk of failure)
Confirm with . or Enter, or press ? or * to list all spells.
The spell is quite dangerous to miscast (16% risk of failure)!
Continue anyway?
Aiming: Sticky Flame (quite dangerous; 16% risk of failure)
Press: ? - help, Shift-Dir - straight line, f - gnoll sergeant
Aim: a gnoll sergeant, wielding a +0 spear, wearing a +0 ring mail and wearing a +0 kite shield (lightly wounded, 100% to hit)
You feel a surge of power!
The sticky flame hits the gnoll sergeant but does no damage.
The gnoll sergeant is covered in liquid flames!
The gnoll sergeant burns!
You block the gnoll sergeant's attack. ๐Ÿ˜ฎ MP[-4]
You lost 4 mp, and now have 3/16 mp.
The gnoll sergeant burns!
The gnoll sergeant hits you but does no damage. ๐Ÿ˜ฎ HP[+1]
The gnoll sergeant burns! ๐Ÿ˜ฎ MP[+1]
The gnoll sergeant burns!
You see here a +0 quarterstaff {staff}.
The gnoll sergeant burns!
The gnoll sergeant burns!
You kill the gnoll sergeant!
You start resting.
A sky beast is nearby! ๐Ÿ˜ฎ HP[+3]
You regained 3 hp, and now have 36/52 hp.
You are too injured to fight recklessly!
Aiming: Magic Dart (safe; 1% risk of failure)
Press: ? - help, Q - select action, (/) - cycle Shift-Dir - straight line, f - sky beast
Aim: a sky beast (100% to hit)
The magic dart hits the sky beast. ๐Ÿ˜ฎ HP[+1] MP[-1]
You lost 1 mp, and now have 3/16 mp.
Aiming: Magic Dart (safe; 1% risk of failure)
Press: ? - help, Q - select action, (/) - cycle Shift-Dir - straight line, f/p - sky beast
Aim: a sky beast (lightly wounded, 100% to hit)
The magic dart hits the sky beast.
Casting: Magic Dart (safe; 1% risk of failure)
Confirm with . or Enter, or press ? or * to list all spells.
You don't have enough magic to cast this spell.
You completely miss the sky beast. Your punch misses the sky beast.
The sky beast flickers out of sight!
Deactivating autopickup; reactivate with Ctrl-A.
Something hits you but does no damage.
You hit something but do no damage. Your touch misses something.
The gnoll hits you but does no damage. Something hits you but does no damage.
You miss something. Something hits you. Something shocks you.
The gnoll barely misses you. ๐Ÿ˜ฎ HP[-5]
You take 5 damage, and now have 32/52 hp.
Unknown command.
You closely miss something. Your touch misses something.
Something hits you but does no damage.
The gnoll hits you from afar with a +0 spear. ๐Ÿ˜ฎ HP[-2]
You take 2 damage, and now have 30/52 hp.
You hit something. Something hits you. Something shocks you.
* * * LOW HITPOINT WARNING * * *
The gnoll closely misses you.
A sky beast appears from thin air!
Reactivating autopickup.
The sky beast hits you.
* * * LOW HITPOINT WARNING * * *
The sky beast shocks you.
* * * LOW HITPOINT WARNING * * *
The gnoll hits you from afar with a +0 spear.
* * * LOW HITPOINT WARNING * * *
๐Ÿ˜ฑ HP[-19] MP[+1]
You take 19 damage, and now have 11/52 hp.
MASSIVE DAMAGE!! (PAUSE)
You feel yourself speed up.
The gnoll hits you from afar with a +0 spear.
* * * LOW HITPOINT WARNING * * *
The sky beast hits you.
* * * LOW HITPOINT WARNING * * *
The sky beast shocks you.
You die...

Skill      XL: |  1  2  3  4  5  6  7 |
---------------+----------------------+-----
Spellcasting   | 4 5 |  5.5
Conjurations   | 2 3 4 5 |  5.3
Fire Magic     | 1 2 3 5 |  5.2
Dodging        | |  1.7
Stealth        | |  1.7
Summonings     | |  1.0
Translocations | |  0.8

Action                   |  1- 3 |  4- 6 |  7- 9 || total
-------------------------+-------+-------+-------++-------
Melee: Dagger            |    36 |    39 |       ||    75
       Touch             |     5 |     8 |     1 ||    14
       Punch             |       |     2 |       ||     2
       Staff             |       |       |    35 ||    35
 Cast: Magic Dart        |    90 |   122 |    75 ||   287
       Sticky Flame      |       |     1 |     9 ||    10
  Use: Scroll            |     1 |       |    10 ||    11
       Potion            |     1 |       |     2 ||     3
 Stab: Sleeping          |     2 |       |       ||     2
Armor: Robe              |     7 |    14 |    21 ||    42
Dodge: Dodged            |    22 |    43 |    20 ||    85
Block: Other             |       |     5 |     4 ||     9

Levels and vault maps discovered:
D:1:      dpeg_arrival_pond, layout_basic, minmay_pentomino_w2
D:2:      layout_rooms, chequers_ecumenical_altar_simple
D:3:      layout_loops_ring, kennysheep_generic_room_10
D:4:      layout_basic, serial_undead, serial_undead_e, serial_undead_a,
          serial_undead_f, serial_undead_c
D:5:      layout_cave_pools, minmay_temple_entry_ruins, serial_shops,
          nicolae_shop_waterfront, nicolae_sextant
D:6:      layout_loops_ring, nicolae_figureground_pulse, uniq_prince_ribbit1

Notes
Turn   | Place    | Note
-------+----------+-------------------------------------------
     0 | D:1      | spaghetti the Demonspawn Hedge Wizard began the quest for
                  | the Orb.
     0 | D:1      | Reached XP level 1. HP: 13/13 MP: 4/4
     0 | D:1      | magus.rc [v1.9.6]
   551 | D:1      | Gained mutation: Your touch may inflict minor irresistible
                  | damage on your foes. [demonic ancestry]
   551 | D:1      | Reached XP level 2. HP: 19/19 MP: 1/6
   881 | D:2      | You pick up a book of Burglary and begin reading...
   881 | D:2      | You add the spells Passwall, Ensorcelled Hibernation and
                  | Swiftness to your library.
  1130 | D:2      | Reached skill level 4 in Spellcasting
  1201 | D:2      | You add the spells Ignite Poison and Sticky Flame to your
                  | library.
  1224 | D:2      | Gained mutation: You regenerate a little health from kills.
                  | [demonic ancestry]
  1224 | D:2      | Reached XP level 3. HP: 24/24 MP: 3/8
  1271 | D:2      | Found a faded altar of an unknown god.
  2015 | D:3      | Reached skill level 2 in Conjurations
  2178 | D:2      | Gained mutation: You are partially covered in slimy green
                  | scales. (AC +2) [demonic ancestry]
  2178 | D:2      | Reached XP level 4. HP: 27/30 MP: 2/10
  2326 | D:2      | Reached skill level 3 in Conjurations
  2519 | D:2      | Learned a level 4 spell: Sticky Flame
  3256 | D:4      | Noticed a scorpion
  3265 | D:4      | Killed a scorpion
  3266 | D:4      | Reached skill level 1 in Fire Magic
  3266 | D:4      | Gained mutation: A meltable shield of frost defends you.
                  | (SH +4) [demonic ancestry]
  3266 | D:4      | Reached XP level 5. HP: 35/35 MP: 2/11
  3459 | D:4      | Reached skill level 4 in Conjurations
  3459 | D:4      | Reached skill level 2 in Fire Magic
  3631 | D:4      | Reached XP level 6. HP: 26/41 MP: 0/12
  3924 | D:4      | Reached skill level 5 in Conjurations
  3924 | D:4      | Reached skill level 3 in Fire Magic
  4097 | D:4      | Gained mutation: A meltable icy envelope protects you from
                  | harm. (AC +4) [demonic ancestry]
  4097 | D:4      | Reached XP level 7. HP: 46/46 MP: 4/13
  4416 | D:5      | Entered Level 5 of the Dungeon
  4652 | D:5      | Reached skill level 4 in Fire Magic
  4716 | D:5      | Found a staircase to the Ecumenical Temple.
  5059 | D:5      | Found Baurray's Jewellery Boutique.
  5267 | D:5      | Reached skill level 5 in Spellcasting
  5895 | D:6      | Reached skill level 5 in Fire Magic
  5920 | D:6      | Reached XP level 8. HP: 32/52 MP: 7/16
  5936 | D:6      | HP: 11/52 [gnoll/+0 spear (3)]
  5937 | D:6      | HP: 5/52 [sky beast (1)]
  5937 | D:6      | Slain by a sky beast

Vanquished Creatures
  A sky beast (D:5)
  A black bear (D:4)
  An ogre (D:4)
  A bullfrog (D:4)
  A gnoll sergeant (D:6)
  4 scorpions
  A water moccasin skeleton (D:4)
  An orc priest (D:3)
  3 hounds
  2 iguanas
  2 scorpion zombies (D:4)
  3 orc wizards (D:5)
  A hound zombie (D:4)
  A gnoll (D:6)
  A white imp (D:5)
  An adder skeleton (D:4)
  A worm (D:2)
  A dart slug (D:5)
  13 orcs
  6 endoplasms
  4 giant cockroaches
  4 hobgoblins
  7 kobolds
  4 quokkas
  9 ball pythons
  A bat (D:3)
  2 frilled lizards
  9 goblins
  A jackal zombie (D:4)
  6 rats
93 creatures vanquished.

Vanquished Creatures (others)
  2 withered plants (D:4)
2 creatures vanquished.

Grand Total: 95 creatures vanquished

Table legend:
 A = Non-vault XP
 B = Vault XP
 C = Vault XP percentage of total XP
 D = Non-vault monster count
 E = Vault monster count
 F = Vault count percentage of total count
                 A         B        C        D         E       F
            +---------+---------+-------+---------+---------+-------
      Total |    1393 |     171 |  10.9 |      85 |       8 |   8.6
            +---------+---------+-------+---------+---------+-------
        D:1 |      20 |       2 |   9.1 |      12 |       2 |  14.3
        D:2 |      67 |       0 |   0.0 |      18 |       0 |   0.0
        D:3 |      76 |       0 |   0.0 |      18 |       0 |   0.0
        D:4 |     434 |     169 |  28.0 |      14 |       6 |  30.0
        D:5 |     526 |       0 |   0.0 |      18 |       0 |   0.0
        D:6 |     270 |       0 |   0.0 |       5 |       0 |   0.0
            +---------+---------+-------+---------+---------+-------

Illustrated notes

Table legend:
 A = Kills in this place as a percentage of kills in entire the game.
 B = Kills by you in this place as a percentage of kills by you in the entire game.
 C = Kills by friends in this place as a percentage of kills by friends in the entire game.
 D = Other kills in this place as a percentage of other kills in the entire game.
 E = Experience gained in this place as a percentage of experience gained in the entire game.
 F = Experience gained in this place divided by the number of levels of this place that you have seen.
                   A       B       C       D       E      F
               +-------+-------+-------+-------+-------+----------------------
         Total | 100.0 | 100.0 |   N/A |   N/A | 100.0 | 260.7
       Dungeon | 100.0 | 100.0 |   N/A |   N/A | 100.0 | 260.7
               +-------+-------+-------+-------+-------+----------------------

Table legend: (Time is in decaauts)
 A = Elapsed time spent in this place.
 B = Non-inter-level travel time spent in this place.
 C = Inter-level travel time spent in this place.
 D = Time resting spent in this place.
 E = Time spent auto-exploring this place.
 F = Levels seen in this place.
 G = Mean time per level.
                   A        B        C        D        E       F      G
               +--------+--------+--------+--------+--------+-----+--------+
         Total |   5924 |   5844 |     80 |   1238 |   3825 |   6 |  987.3 |
       Dungeon |   5924 |   5844 |     80 |   1238 |   3825 |   6 |  987.3 |
               +--------+--------+--------+--------+--------+-----+--------+

Top non-repeatable levels by time:
     D:3: 1405 daAuts
     D:5: 1209 daAuts
     D:4: 1077 daAuts
     D:2: 1063 daAuts
     D:1: 931 daAuts
     D:6: 235 daAuts
